 Dungeon Crawl Stone Soup version 0.23.2-33-g5129a83184 (webtiles) character file.

Game seed: 1153342256719863238

193 MalarOregon the Poker (level 5, -2/43 HPs)
             Began as a Merfolk Skald on Aug 6, 2019.
             Killed from afar by an orc wizard (5 damage)
             ... with a magic dart
             ... on level 3 of the Dungeon.
             The game lasted 00:04:30 (3536 turns).

MalarOregon the Poker (Merfolk Skald)               Turns: 3536, Time: 00:04:31

Health: -2/43      AC:  3    Str: 12    XL:     5   Next: 72%
Magic:  8/8        EV: 12    Int: 13    God:
Gold:   102        SH:  0    Dex: 13    Spells: 8/8 levels left

rFire    . . .     SeeInvis .   a - +0 spear
rCold    . . .     Gourm    .   (no shield)
rNeg     . . .     Faith    .   b - +0 leather armour
rPois    .         Spirit   .   (no helmet)
rElec    .         Reflect  .   (no cloak)
rCorr    .         Harm     .   (no gloves)
MR       .....                  (no boots)
Stlth    +.........             (no amulet)
HPRegen  0.14/turn              (no ring)
MPRegen  0.11/turn              (no ring)

@: about to teleport
A: change form in water, swift swim, stealthy swim
a: no special abilities


You were on level 3 of the Dungeon.
You were hungry.

You visited 1 branch of the dungeon, and saw 3 of its levels.

You collected 102 gold pieces.

Inventory:

Hand Weapons
 a - a +0 spear (weapon)
Armour
 b - a +0 leather armour (worn)
Jewellery
 r - an uncursed ring of wizardry {unknown}
   (You found it on level 2 of the Dungeon)
Wands
 u - a wand of paralysis (10)
   (You found it on level 3 of the Dungeon)
Scrolls
 g - 5 scrolls of identify {@r1}
 k - a scroll of noise {!r}
 n - 2 scrolls of remove curse {@r2}
Potions
 c - a potion of agility {unknown}
 d - a potion of berserk rage
 f - a potion of haste {@q3}
 h - a potion of cancellation
 j - a potion of curing {@q1}
 o - 2 potions of brilliance
 p - a potion of flight {unknown}
 s - a potion of heal wounds {unknown}
Comestibles
 e - 6 rations {!d}
 t - 3 chunks of flesh


   Skills:
 + Level 4.7 Fighting
 + Level 6.2 Polearms
 - Level 0.6 Armour
 - Level 2.6 Dodging
 - Level 2.0 Spellcasting
   Level 3.2 Charms


You had 8 spell levels left.
You didn't know any spells.
Your spell library contained the following spells:

 Spells                   Type           Power        Failure   Level  Hunger
 Infusion                 Chrm           #...         9%          1    ##.....
 Song of Slaying          Chrm           #.......     13%         2    ###....
 Shroud of Golubria       Chrm/Tloc      #.........   26%         2    ###....
 Regeneration             Chrm/Necr      #.........   45%         3    ####...
 Spectral Weapon          Hex/Chrm       #.......     45%         3    ####...


Dungeon Overview and Level Annotations

Branches:
Dungeon (3/15)

Altars:
Okawaru


Message History

You hit something but do no damage. Something hits you.
* * * LOW HITPOINT WARNING * * *
It was a potion of brilliance.
You feel clever all of a sudden. Something hits you but does no damage.
It was a potion of haste.
You feel yourself speed up. Something hits you but does no damage.
It was a potion of cancellation.
Your magical effects are unravelling.
You feel magically purged.
You feel yourself slow down.
You feel a little less clever now.
Unknown command.
It was a potion of curing.
You feel better. Something hits you but does no damage.
Okay, then.
As you read the scroll labeled FEROR IXKIY, it crumbles to dust.
You feel blessed for a moment.
It was a scroll of remove curse.
Something hits you.
* * * LOW HITPOINT WARNING * * *
As you read the scroll labeled ZAIRAT ETEUL, it crumbles to dust.
You hear a loud clanging noise!
It was a scroll of noise.
You hear a shout!
Something hits you.
* * * LOW HITPOINT WARNING * * *
As you read the scroll labeled ZUQOFI IHUOQ, it crumbles to dust.
It is a scroll of identify.
d - a potion of berserk rage Something hits you but does no damage.
As you read the scroll labeled FOYNUIM RYDURCH, it crumbles to dust.
It is a scroll of amnesia.
Forget Infusion, freeing 1 spell level for a total of 8?
Your memory of Infusion unravels.
Something hits you but does no damage.
As you read the scroll labeled GAEVUY ECVOLAA, it crumbles to dust.
You feel aware of your surroundings.
It was a scroll of magic mapping.
Something hits you.
* * * LOW HITPOINT WARNING * * *
As you read the scroll labeled HOYPLA DOKITE, it crumbles to dust.
The scroll dissolves into smoke.
It was a scroll of fog.
Something hits you.
* * * LOW HITPOINT WARNING * * *
As you read the scroll labeled JEKHUIMNEFI, it crumbles to dust.
You feel strangely unstable.
It was a scroll of teleportation.
You hear some strange, mumbled words.
A magic dart appears from out of thin air!
The magic dart hits you.
You die...

*,****** ,,,,,,,* *,****,*
*,* *,* *,****,** *,,,,,,,#
#,,,,,,.# ### #######.#
#########.# #.......#
#o{@§§....######
#.......###*
#§######.......#
#..÷.......**#.****
#..##.###
#..........,,..**,* #...#..#
##.#.####..*##o**,* ###.##.#
##.#...,,,,**#.*#.####8.8#.#
##.#####*,,,,oo,...........#
.....# *,,**#o,.....#8.8###
##.#.####..# #..#.#**##.##


You could see an orc.

Vanquished Creatures
  2 orc priests
  An orc wizard (D:2)
  4 adders
  2 worms (D:3)
  2 leopard geckos
  4 orcs
  9 bats
  8 giant cockroaches
  6 goblins
  5 hobgoblins
  A quokka (D:2)
  2 ball pythons
  5 frilled lizards
  6 kobolds
  8 rats
65 creatures vanquished.

Notes
Turn   | Place    | Note
-------+----------+-------------------------------------------
     0 | D:1      | MalarOregon the Merfolk Skald began the quest for the Orb.
     0 | D:1      | Reached XP level 1. HP: 16/16 MP: 3/3
   374 | D:1      | Reached XP level 2. HP: 16/23 MP: 5/5
   720 | D:1      | Reached skill level 4 in Polearms
   928 | D:1      | Reached XP level 3. HP: 26/29 MP: 6/6
  1457 | D:2      | Reached XP level 4. HP: 26/35 MP: 7/7
  1620 | D:2      | Reached skill level 5 in Polearms
  2660 | D:2      | HP: 1/37 [orc priest/divine providence (12)]
  2661 | D:2      | Reached XP level 5. HP: 1/42 MP: 8/8
  3142 | D:3      | Reached skill level 6 in Polearms
  3417 | D:3      | Found an iron altar of Okawaru.
  3525 | D:3      | HP: 2/43 [something (2)]
  3535 | D:3      | HP: 2/43 [something (2)]
  3536 | D:3      | Killed from afar by an orc wizard

Skill      XL: |  1  2  3  4  5 |
---------------+----------------+-----
Fighting       | 3 4 |  4.7
Polearms       | 4 5 6 |  6.2
Armour         | |  0.6
Dodging        | |  2.6
Spellcasting   | |  2.0
Charms         | |  3.2

Action                   |  1- 3 |  4- 6 || total
-------------------------+-------+-------++-------
Melee: Spear             |   162 |   193 ||   355
  Use: Scroll            |       |     7 ||     7
       Potion            |       |     4 ||     4
 Stab: Sleeping          |     2 |     1 ||     3
  Eat: Chunk             |     2 |     6 ||     8
Armor: Leather armour    |    32 |    30 ||    62
Dodge: Dodged            |    87 |    55 ||   142
